 Dungeon Crawl Stone Soup version 0.23.2-33-g5129a83184 (webtiles) character file.

Game seed: 11046591422577191468

5621 kae the Grappler (level 10, -10/93 HPs)
             Began as a Ghoul Monk on July 19, 2019.
             Was a Priest of Makhleb.
             Mangled by a troll (11 damage)
             ... on level 9 of the Dungeon.
             The game lasted 00:11:05 (8650 turns).

kae the Grappler (Ghoul Monk)                       Turns: 8650, Time: 00:11:06

Health: -10/93     AC:  8    Str: 16    XL:     10   Next: 73%
Magic:  0/11       EV: 10    Int:  6    God:    Makhleb [***...]
Gold:   533        SH:  8    Dex: 13    Spells: 9/9 levels left

rFire    . . .     SeeInvis .     - Unarmed
rCold    + . .     Gourm    .   q - +0 shield {reflect}
rNeg     + + +     Faith    .   p - +0 troll leather armour
rPois    ∞         Spirit   +   i - +2 hat
rElec    .         Reflect  +   m - +1 cloak {MR+}
rCorr    .         Harm     .   (no gloves)
MR       +....                  (no boots)
Stlth    ++........             u - amulet of guardian spirit
HPRegen  0.00/turn              (no ring)
MPRegen  0.12/turn              (no ring)

@: rotting
A: rotting body, claws 1, carnivore, cold resistance 1, negative energy
resistance 3, inhibited regeneration, torment resistance, unbreathing
a: Minor Destruction, Lesser Servant of Makhleb, Renounce Religion


You were on level 9 of the Dungeon.
You worshipped Makhleb.
Makhleb was most pleased with you.
You were not hungry.

You visited 2 branches of the dungeon, and saw 10 of its levels.

You collected 533 gold pieces.

Inventory:

Armour
 i - a +2 hat (worn)
 m - a +1 cloak of magic resistance (worn)
 p - a +0 troll leather armour (worn)
 q - a +0 shield of reflection (worn)
Jewellery
 u - an amulet of guardian spirit (around neck)
Wands
 c - a wand of polymorph (2)
 r - a wand of clouds (7)
 t - a wand of iceblast (5)
 y - a wand of random effects (24)
 B - a wand of paralysis (7)
Scrolls
 d - a scroll of enchant weapon
 e - 5 scrolls of teleportation
 g - 2 scrolls of blinking
 l - a scroll of holy word {unknown}
 s - a scroll of identify
 v - 2 scrolls of remove curse
Potions
 f - 5 potions of curing
 h - a potion of agility {unknown}
 j - a potion of brilliance
 k - a potion of haste {unknown}
 n - 2 potions of flight {unknown}
 o - 3 potions of lignification {unknown}
 w - 2 potions of magic {unknown}
Comestibles
 a - 9 chunks of flesh
 b - 16 rations


   Skills:
 + Level 10.1 Fighting
 - Level 2.6 Dodging
 - Level 2.1 Stealth
 + Level 2.4 Shields
 * Level 13.3 Unarmed Combat
 + Level 3.4 Invocations


You had 9 spell levels left.
You didn't know any spells.
Your spell library was empty.

Dungeon Overview and Level Annotations

Branches:
Dungeon (9/15)             Temple (1/1) D:7            Lair (0/6) D:8
    Orc: D:9-12

Altars:
Ashenzari
Cheibriados
Dithmenos
Elyvilon
Fedhas
Gozag
Hepliaklqana
Kikubaaqudgha
Makhleb
Nemelex Xobeh
Okawaru
Qazlal
Ru
Sif Muna
Trog
Uskayaw
Vehumet
Wu Jian
Xom
Yredelemnul
Zin
The Shining One

Shops:
D:6 :


Innate Abilities, Weirdness & Mutations

Your body is rotting away.
You thrive on raw meat.
You are immune to poison.
You have sharp fingernails.
You are carnivorous and can eat meat at any time.
Your flesh is cold resistant. (rC+)
You are immune to negative energy. (rN+++)
You do not regenerate when monsters are visible.
You are immune to unholy pain and torment.
You can survive without breathing.


Message History

You block the troll's attack. The troll closely misses you.
The troll claws you.
You barely miss the troll.
The troll is moderately wounded.
The troll bites you.
* * * LOW HITPOINT WARNING * * *
The troll claws you!
* * * LOW HITPOINT WARNING * * *
The troll closely misses you.
You claw the troll!
The troll is heavily wounded.
You block the troll's attack. x2; The troll barely misses you.
You claw the troll!
The troll is severely wounded.
The troll bites you!
* * * LOW HITPOINT WARNING * * *
The troll claws you.
* * * LOW HITPOINT WARNING * * *
The troll claws you!
You die...

#.# #....# #....
#####'####..... #....
#.............. ....
#.............. ...
#.............. ..
#####.....####) #.
#.########) +.#.####
#........). #..ZT@.#
#..#....... ###[##.#
#.......#.. ...
#.######.#...>###
##.. #......))#....#
# #..###..<....#....#
# #..#.'............#
#
#..#.#...............
#..#........#>...# #
#.##.....>......


You could see a troll and a howler monkey skeleton.

Vanquished Creatures
  A troll (D:7)
  3 slime creatures (D:6)
  Menkaure (D:7)
  2 orc warriors
  A sky beast (D:7)
  4 black bears
  3 phantoms
  6 ice beasts
  4 eyes of draining
  2 ogres
  A centaur (D:8)
  4 big kobolds (D:6)
  Blork the orc (D:4)
  3 bullfrogs
  A gnoll sergeant (D:7)
  3 scorpions
  12 killer bees (D:8)
  A howler monkey (D:9)
  4 jellies (D:6)
  8 orc priests
  A hound (D:9)
  Crazy Yiuf (D:2)
  6 orc wizards
  2 iguanas
  Natasha (thrice) (D:4)
  7 worker ants
  A hound skeleton (D:5)
  A howler monkey zombie (D:5)
  Robin (D:4)
  13 gnolls
  A howler monkey skeleton (D:4)
  7 adders
  6 oozes
  An adder zombie (D:6)
  2 adder skeletons
  A worm (D:3)
  3 dart slugs
  4 leopard geckos
  38 orcs
  A ball python (D:3)
  4 bats
  5 giant cockroaches
  11 goblins
  10 hobgoblins
  6 jackals
  3 quokkas
  4 frilled lizards
  A giant cockroach zombie (D:5)
  12 kobolds
  7 rats
  3 fungi (D:6)
231 creatures vanquished.

Vanquished Creatures (others)
  6 fungi (D:6)
  8 toadstools (D:6)
14 creatures vanquished.

Grand Total: 245 creatures vanquished

Notes
Turn   | Place    | Note
-------+----------+-------------------------------------------
     0 | D:1      | kae the Ghoul Monk began the quest for the Orb.
     0 | D:1      | Reached XP level 1. HP: 19/19 MP: 0/0
    35 | D:1      | Reached XP level 2. HP: 16/26 MP: 1/1
   229 | D:1      | Reached skill level 4 in Unarmed Combat
   246 | D:1      | Reached XP level 3. HP: 24/33 MP: 2/2
   819 | D:2      | Reached XP level 4. HP: 23/40 MP: 3/3
   821 | D:2      | Reached skill level 5 in Unarmed Combat
  1052 | D:2      | Found a runed translucent door.
  1053 | D:2      | Noticed Crazy Yiuf
  1064 | D:2      | Killed Crazy Yiuf
  1064 | D:2      | Reached XP level 5. HP: 38/47 MP: 4/4
  1917 | D:3      | Found a stormy altar of Qazlal.
  2033 | D:4      | Reached skill level 6 in Unarmed Combat
  2080 | D:4      | Reached XP level 6. HP: 54/55 MP: 5/5
  2092 | D:4      | Reached skill level 5 in Fighting
  2323 | D:4      | Reached skill level 7 in Unarmed Combat
  2323 | D:4      | Reached XP level 7. HP: 60/61 MP: 6/6
  2334 | D:4      | Found a bloodstained altar of Trog.
  2378 | D:4      | Reached skill level 8 in Unarmed Combat
  2453 | D:4      | Found a sparkling altar of Nemelex Xobeh.
  2522 | D:4      | Noticed Blork the orc
  2549 | D:4      | Killed Blork the orc
  2597 | D:4      | Noticed Robin
  2602 | D:4      | Killed Robin
  2709 | D:4      | Noticed Natasha
  2719 | D:4      | Killed Natasha
  2719 | D:4      | Reached XP level 8. HP: 64/71 MP: 7/7
  2799 | D:4      | Noticed Natasha
  2937 | D:4      | Killed Natasha
  2968 | D:4      | Found a sparkling altar of Nemelex Xobeh.
  3197 | D:4      | Found a bloodstained altar of Trog.
  3435 | D:4      | Noticed Natasha
  3444 | D:4      | Killed Natasha
  3456 | D:5      | Entered Level 5 of the Dungeon
  3705 | D:5      | Reached skill level 9 in Unarmed Combat
  4607 | D:6      | Reached skill level 10 in Unarmed Combat
  4980 | D:4      | Found a bloodstained altar of Trog.
  5182 | D:4      | Found a sparkling altar of Nemelex Xobeh.
  5548 | D:6      | Reached XP level 9. HP: 75/77 MP: 8/8
  5649 | D:6      | Reached skill level 11 in Unarmed Combat
  5826 | D:6      | Found a blossoming altar of Fedhas.
  5966 | D:6      | Found Ilubb's Book Shop.
  6694 | D:7      | Reached skill level 12 in Unarmed Combat
  6848 | D:7      | Reached XP level 10. HP: 85/91 MP: 9/9
  6869 | D:7      | Found a staircase to the Ecumenical Temple.
  6884 | Temple   | Entered the Ecumenical Temple
  6955 | Temple   | Became a worshipper of Makhleb the Destroyer
  6955 | Temple   | Reached * piety under Makhleb
  6955 | Temple   | Reached ** piety under Makhleb
  7063 | D:7      | Reached skill level 1 in Invocations
  7310 | D:7      | Found a blossoming altar of Fedhas.
  7310 | D:7      | Found an iron altar of Okawaru.
  7311 | D:7      | Found a shattered altar of Ashenzari.
  7330 | D:7      | Noticed Menkaure
  7337 | D:7      | Killed Menkaure
  7610 | D:8      | Reached skill level 1 in Shields
  7723 | D:8      | Reached skill level 13 in Unarmed Combat
  7893 | D:8      | Found a staircase to the Lair.
  7988 | D:8      | Found a deep blue altar of Sif Muna.
  8221 | D:8      | Found a shimmering altar of Xom.
  8222 | D:8      | Found a hazy altar of Hepliaklqana.
  8222 | D:8      | Noticed a death ooze
  8226 | D:8      | Noticed a spectral ugly thing
  8226 | D:8      | Noticed a death ooze
  8334 | D:8      | Reached skill level 10 in Fighting
  8526 | D:9      | Reached *** piety under Makhleb
  8650 | D:9      | HP: 1/93 [troll (5)]
  8650 | D:9      | Mangled by a troll

Skill      XL: |  1  2  3  4  5  6  7  8  9 10 |
---------------+-------------------------------+-----
Unarmed Combat | 4 5 6 7 8 10 12 13 | 13.3
Fighting       | 4 5 6 7 9 10 | 10.1
Invocations    | 3 |  3.4
Shields        | 2 |  2.4
Dodging        | |  2.6
Stealth        | |  2.1

Action                   |  1- 3 |  4- 6 |  7- 9 | 10-12 || total
-------------------------+-------+-------+-------+-------++-------
Melee: Unarmed           |   134 |   152 |   385 |   230 ||   901
       Punch             |     1 |     3 |    15 |       ||    19
  Use: Scroll            |     4 |     4 |     8 |       ||    16
       Potion            |       |       |     1 |       ||     1
 Stab: Sleeping          |     1 |     1 |     2 |     2 ||     6
       Distracted        |       |       |       |     1 ||     1
  Eat: Chunk             |    11 |    13 |    25 |    26 ||    75
Armor: Robe              |    30 |    20 |    73 |     3 ||   126
       Troll leather arm |       |       |       |    47 ||    47
Dodge: Dodged            |   106 |    73 |   172 |    84 ||   435
Block: Shield            |       |       |       |    82 ||    82
       Reflection        |       |       |       |     1 ||     1
